[ AOE2 MATCH · #463570980 ]
Team RMBurmese vs Khitans
[ REPLAY ANALYSIS · EXTRACTED FROM THE RECORDED GAME ]
Feudal
—
Castle
—
Imperial
—
| APM avg | 19.9 |
| APM peak | 34 |
| eAPM avg | 8.5 |
| Villagers / military | 14 / 0 |
Focus
⚔️ 8.7% · 🌾 91.3%
Feudal
—
Castle
—
Imperial
—
| APM avg | 7.2 |
| APM peak | 30 |
| eAPM avg | 4.9 |
| Villagers / military | 5 / 0 |
Focus
⚔️ 0.0% · 🌾 100.0%
Feudal
—
Castle
—
Imperial
—
| APM avg | 27.0 |
| APM peak | 67 |
| eAPM avg | 10.6 |
| Villagers / military | 26 / 0 |
Focus
⚔️ 6.9% · 🌾 93.1%
Fishing Ship ×1
Feudal
—
Castle
—
Imperial
—
| APM avg | 7.2 |
| APM peak | 17 |
| eAPM avg | 6.5 |
| Villagers / military | 20 / 0 |
Focus
⚔️ 0.0% · 🌾 100.0%
Match map
Initial resources + every placement click. Lines = walls · curves = elevation contours. ◆ gold · ⬟ stone · ● berries · ✦ relic · ◌ wall gap
Inputs per minute
— wololo - - Kennyccc222
Build order — wololo
16 actions detected in the replay
| 0:08 | Create | Villager (Male) ×4 |
| 0:10 | Build | House |
| 0:14 | Build | House |
| 1:37 | Create | Villager (Male) |
| 2:40 | Create | Villager (Male) |
| 2:41 | Create | Villager (Male) |
| 2:59 | Create | Villager (Male) |
| 3:26 | Create | Villager (Male) |
| 3:40 | Build | Lumber Camp |
| 3:47 | Create | Villager (Male) |
| 4:16 | Build | House |
| 5:34 | Build | Dock |
| 5:38 | Create | Villager (Male) |
| 5:39 | Create | Villager (Male) |
| 5:39 | Create | Villager (Male) |
| 5:51 | Create | Villager (Male) |
Build order — Kennyccc222
6 actions detected in the replay
| 5:01 | Build | House |
| 5:02 | Create | Villager (Male) |
| 5:02 | Create | Villager (Male) |
| 5:02 | Create | Villager (Male) |
| 5:02 | Create | Villager (Male) |
| 5:03 | Create | Villager (Male) |
Build order — Kyriokes
35 actions detected in the replay
| 0:04 | Create | Villager (Male) |
| 0:05 | Create | Villager (Male) |
| 0:05 | Create | Villager (Male) |
| 0:07 | Build | House |
| 0:09 | Build | House |
| 0:28 | Create | Villager (Male) |
| 0:28 | Create | Villager (Male) |
| 1:37 | Create | Villager (Male) |
| 1:37 | Create | Villager (Male) |
| 1:51 | Build | Dock |
| 2:22 | Create | Villager (Male) |
| 2:44 | Create | Villager (Male) |
| 2:44 | Create | Villager (Male) |
| 3:27 | Create | Villager (Male) |
| 3:27 | Create | Villager (Male) |
| 3:28 | Create | Villager (Male) |
| 3:51 | Create | Villager (Male) |
| 3:52 | Create | Villager (Male) |
| 3:52 | Create | Villager (Male) |
| 4:16 | Create | Villager (Male) |
| 4:16 | Create | Villager (Male) |
| 4:31 | Create | Villager (Male) |
| 5:02 | Build | Lumber Camp |
| 5:16 | Research | Loom |
| 5:20 | Create | Villager (Male) |
| 5:20 | Create | Villager (Male) |
| 5:20 | Create | Villager (Male) |
| 5:20 | Create | Villager (Male) |
| 5:39 | Build | House |
| 5:41 | Build | House |
| 5:53 | Create | Villager (Male) |
| 6:06 | Create | Fishing Ship |
| 6:36 | Build | House |
| 6:39 | Create | Villager (Male) |
| 6:39 | Create | Villager (Male) |
Build order — stilesweldingltd
25 actions detected in the replay
| 0:13 | Build | House |
| 0:17 | Build | House |
| 0:31 | Create | Villager (Male) |
| 0:32 | Create | Villager (Male) |
| 0:32 | Create | Villager (Male) |
| 0:32 | Create | Villager (Male) |
| 0:32 | Create | Villager (Male) |
| 0:32 | Create | Villager (Male) |
| 2:10 | Create | Villager (Male) |
| 2:34 | Create | Villager (Male) |
| 3:08 | Create | Villager (Male) |
| 3:33 | Create | Villager (Male) |
| 3:34 | Create | Villager (Male) |
| 4:00 | Build | House |
| 4:05 | Build | House |
| 4:31 | Build | Lumber Camp |
| 4:38 | Create | Villager (Male) |
| 4:38 | Create | Villager (Male) |
| 4:38 | Create | Villager (Male) |
| 4:39 | Create | Villager (Male) |
| 4:55 | Create | Villager (Male) |
| 4:56 | Create | Villager (Male) |
| 5:20 | Create | Villager (Male) |
| 5:53 | Create | Villager (Male) |
| 5:53 | Create | Villager (Male) |
Match timeline
| 1:51 | Kyriokes · first_building Dock |
| 5:34 | wololo · first_building Dock |
| 6:56 | wololo · resign |
[ AI ANALYSIS · 1 CREDIT ]
What really happened in this match?
Wolo.gg analyzes every decision: build order, eco, micro, common mistakes by bracket. Personalized analysis on WhatsApp or Discord in 30 seconds.
Civ guide
Burmese
Map guide
MegaRandom
Perfil
Jugador #4365775